 Dungeon Crawl Stone Soup version 0.23-a0-182-g58cdd98f8d (webtiles) character file.

107760 ICC the Deadly Accurate (level 16, -10/68 HPs)
             Began as a Vine Stalker Fighter on Sept 20, 2018.
             Was a Follower of Wu Jian.
             Killed from afar by a thorn hunter (29 damage)
             ... with a volley of thorns
             ... on level 1 of the Swamp.
             The game lasted 02:26:46 (22221 turns).

ICC the Deadly Accurate (Vine Stalker Fighter)     Turns: 22221, Time: 02:26:47

Health: -10/68     AC: 17    Str: 21    XL:     16   Next: 47%
Magic:  0/39       EV: 10    Int:  8    God:    Wu Jian [*.....]
Gold:   1840       SH: 11    Dex: 24    Spells: 3/34 levels left

rFire    + . .     SeeInvis .   w - +3 dagger (elec)
rCold    . . .     Gourm    .   c - +0 shield
rNeg     + . .     Faith    +   Z - +0 chain mail {rPois}
rPois    +         Spirit   +   (no helmet)
rElec    .         Reflect  .   m - +0 cloak
rCorr    .         Harm     .   Q - +1 pair of gloves of the Game of Life {Dex+5}
MR       ++...                  z - +2 pair of boots of Death Resistance {rN+ Stlth+}
Stlth    ..........             V - amulet of faith
HPRegen  1.01/turn              N - ring of protection from fire
MPRegen  0.26/turn              p - ring of magical power

@: no status effects
A: fangs 3, frail 1, regeneration 2, shaggy fur 1, magic shield, antimagic bite,
no potion heal 3, rot immunity
a: Renounce Religion


You were on level 1 of the Swamp.
You worshipped Wu Jian.
Wu Jian was aware of your devotion.
You were hungry.

You visited 5 branches of the dungeon, and saw 25 of its levels.

You collected 2953 gold pieces.
You spent 1113 gold pieces at shops.

Inventory:

Hand Weapons
 a - a +1 dagger of draining
 s - a +0 blowgun
 w - a +3 dagger of electrocution (weapon)
Missiles
 e - 12 javelins (quivered)
 H - 11 curare-tipped needles
 J - 6 needles of confusion
Armour
 c - a +0 shield (worn)
 m - a +0 cloak (worn)
 u - a +1 robe of the Archmagi
 z - the +2 pair of boots of Death Resistance (worn) {rN+ Stlth+}
   (You bought it in a shop on level 15 of the Dungeon)

   It protects you from negative energy.
   It makes you more stealthy.
 Q - the +1 pair of gloves of the Game of Life (worn) {Dex+5}
   (You found it on level 5 of the Lair of Beasts)

   It affects your dexterity (+5).
 U - a +1 chain mail of fire resistance
 W - the +2 chain mail of the Queen {rElec Regen+ Str-5 Slay+2}
   (You found it on level 10 of the Dungeon)

   It affects your strength (-5).
   It affects your accuracy and damage with ranged weapons and melee attacks
   (+2).
   It insulates you from electricity.
   It increases your rate of regeneration.
 Z - a +0 chain mail of poison resistance (worn)
Magical Staves
 j - an uncursed staff of wizardry
Jewellery
 b - an uncursed ring of resist corrosion
 p - a ring of magical power (right hand)
 y - an uncursed ring of ice
 F - an uncursed ring of protection from cold
 N - a ring of protection from fire (left hand)
 V - an amulet of faith (around neck)
 X - an uncursed ring of wizardry
Wands
 k - a wand of acid (3)
 q - a wand of paralysis (37)
 I - a wand of iceblast (7)
 T - a wand of scattershot (8)
Scrolls
 g - a scroll of holy word
 i - 6 scrolls of teleportation
 l - 8 scrolls of enchant armour
 o - a scroll of fear
 r - 4 scrolls of identify
 t - 4 scrolls of blinking
 v - 8 scrolls of fog
 A - 6 scrolls of amnesia
 B - 4 scrolls of enchant weapon
 C - 5 scrolls of magic mapping
 P - 7 scrolls of remove curse
 R - a scroll of immolation
Potions
 d - 2 potions of agility
 h - a potion of haste
 n - a potion of magic
 x - a potion of cancellation
 E - 3 potions of curing
 G - a potion of resistance
 K - a potion of invisibility
 L - a potion of might
 O - 3 potions of mutation
 S - 4 potions of flight
 Y - a potion of brilliance
Miscellaneous
 D - a fan of gales
 M - a lamp of fire (inert)
Comestibles
 f - 39 rations


   Skills:
 - Level 5.0 Fighting
 - Level 14.0 Short Blades
 * Level 15.3 Throwing
 - Level 5.0 Armour
 - Level 6.0 Dodging
 - Level 5.0 Shields
 + Level 9.6 Spellcasting
 + Level 0.0 Charms
 + Level 7.5 Necromancy
 + Level 7.5 Transmutations


You had 3 spell levels left.
You knew the following spells:

 Your Spells              Type           Power        Failure   Level  Hunger
a - Corpse Rot            Necr           N/A          34%         2    ##.....
b - Excruciating Wounds   Chrm/Necr      #.........   100%        5    ######.
c - Necromutation         Tmut/Necr      ###.......   100%        8    #######
d - Death's Door          Chrm/Necr      #.........   100%        8    #######
e - Infestation           Necr           ###.......   100%        8    #######

Your spell library contained the following spells:

 Spells                   Type           Power        Failure   Level  Hunger
 Pain                     Necr           ###.         24%         1    None
 Sublimation of Blood     Necr           ###.......   34%         2    ##.....
 Vampiric Draining        Necr           ###.......   56%         3    ###....
 Animate Dead             Necr           N/A          93%         4    ####...
 Leda's Liquefaction      Hex/Erth       #.........   100%        4    ####...
 Agony                    Necr           ###.....     100%        5    ######.
 Bolt of Draining         Conj/Necr      #.........   100%        5    ######.
 Bolt of Magma            Conj/Fire/Erth #.........   100%        5    ######.
 Dispel Undead            Necr           ###.....     100%        5    ######.
 Iron Shot                Conj/Erth      #.........   100%        6    #######
 Statue Form              Tmut/Erth      #........    100%        6    #######
 Haunt                    Necr/Summ      #.........   100%        7    #######
 Borgnjor's Revivificati  Necr           ###.......   100%        8    #######
 Shatter                  Erth           #.........   100%        9    #######


Dungeon Overview and Level Annotations

Branches:
Dungeon (15/15) Temple (1/1) D:7 Lair (6/6) D:8 Swamp (1/4) Lair:3 Spider (0/4) Lair:3 Slime (0/5) Lair:6 Orc (2/2) D:11 Elf (0/3) Orc:2 Vaults (0/5) D:12 D:13 Depths (0/5) D:15

Altars:
Ashenzari
Cheibriados
Dithmenos
Elyvilon
Fedhas
Gozag
Hepliaklqana
Kikubaaqudgha
Makhleb
Nemelex Xobeh
Okawaru
Qazlal
Ru
Sif Muna
Trog
Uskayaw
Vehumet
Wu Jian
Xom
Yredelemnul
Zin
The Shining One
Beogh

Shops:
D:11 *   D:15 =**%[   Orc:2 ?}??

Annotations:
D:4 exclusion: oklob plant
Lair:2 exclusion: oklob plant
Lair:5 exclusion: 4 oklob plants


Innate Abilities, Weirdness & Mutations

You have razor-sharp teeth.
You heal very quickly.
When hurt, damage is shared between your health and your magic reserves.
Your bite disrupts and absorbs the magic of your enemies.
Potions cannot restore your health.
You are immune to rotting.
You are frail. (-10% HP)
You are covered in fur. (AC +1)


Message History

The volley of thorns hits you!
You hit the thorn hunter but do no damage.
Your bite misses the thorn hunter.
The thorn hunter is almost destroyed.
The briar patch crumbles away.
The thorn hunter gestures.
The thorn hunter fires a volley of thorns at you.
The volley of thorns hits you!
* * * LOW HITPOINT WARNING * * *
You hit the thorn hunter. Your bite misses the thorn hunter.
The thorn hunter is almost destroyed.
You hit the thorn hunter but do no damage.
You bite the thorn hunter.
The thorn hunter's magic leaks into the air.
You drain its magic.
You feel invigorated.
The thorn hunter is almost destroyed.
The briar patch crumbles away. x2
The thorn hunter fires a volley of thorns at you.
The volley of thorns hits you!
You die...

.≈≈..♣♣...≈♣ ♣
...........♣ ..
...PPPPPPPP♣♣♣..≈
♣♣≈.PPPPPPP♣≈≈♣♣
♣....≈≈≈≈.....≈♣♣
..≈≈≈≈....≈≈...≈♣
....≈....<......≈
≈≈.PPPP.PP≈≈≈♣≈♣♣
≈.≈.P♣♣@PP≈≈♣♣ ♣
≈... ♣fPP≈♣♣ ≈..
...P≈♣ .. ...P.♣♣
≈ ≈.≈≈≈.≈
♣..≈≈.♣♣♣ ♣≈..♣♣♣
♣..≈


You could see a thorn hunter.

Vanquished Creatures
  Rupert (Lair:5)
  Nessos (D:13)
  A dire elephant (Lair:2)
  A fire dragon (Lair:6)
  Erolcha (D:13)
  6 hydras
  Harold (D:7)
  11 two-headed ogres
  2 centaur warriors (D:13)
  Erica (D:8)
  3 death yaks (D:8)
  2 tengu warriors (D:13)
  2 ogre magi (Orc:2)
  Urug (Lair:1)
  An orc high priest (D:14)
  Sonja (D:13)
  An iron troll (Orc:2)
  A flayed ghost (D:15)
  A deep troll (Orc:2)
  9 skeletal warriors (D:15)
  3 unseen horrors
  3 lindwurms
  2 orc knights
  A necromancer (D:15)
  3 orc sorcerers
  A manticore (D:14)
  A wolf spider (Lair:3)
  2 deep elf magi
  4 cyclopes
  9 ugly things
  25 elephants
  5 black mambas
  The ghost of Zigma the Ruffian, a novice DrMo of Makhleb (D:4)
  2 gargoyles (D:14)
  5 torpor snails (Lair:6)
  A yaktaur zombie (D:15)
  A kobold demonologist (D:12)
  14 spiny frogs
  A freezing wraith (D:15)
  4 komodo dragons
  2 tengu conjurers (D:13)
  10 polar bears
  A queen bee (D:12)
  14 trolls
  A jumping spider (Lair:3)
  8 hornets
  A harpy zombie (D:14)
  3 tyrant leeches (Lair:6)
  6 meliai
  9 blink frogs
  4 raiju (Lair:6)
  A spriggan zombie (D:15)
  12 hippogriffs
  An ice dragon zombie (D:15)
  14 flying skulls (D:15)
  34 yaks
  Sigmund (D:3)
  A redback (Lair:3)
  A wraith (D:12)
  3 wyverns
  2 hungry ghosts
  2 spriggans
  A vampire (D:12)
  16 humans
  2 basilisks
  A soldier ant (D:13)
  An acid dragon (D:15)
  2 swamp worms
  5 wargs
  Duvessa (D:5)
  12 porcupines
  8 water moccasins
  13 hell hounds (Lair:6)
  23 orc warriors
  3 sky beasts
  4 phantoms
  3 ice beasts
  2 dream sheep zombies (Lair:1)
  9 black bears (Lair:6)
  27 ogres
  17 wolves
  7 centaurs
  11 crocodiles
  3 big kobolds
  19 bullfrogs
  2 water moccasin zombies
  Dowan (D:5)
  3 scorpions
  A tengu zombie (D:15)
  32 killer bees
  3 howler monkeys (D:7)
  8 wights
  2 electric eels
  5 crimson imps
  5 centaur zombies
  8 jellies
  5 bullfrog zombies
  3 hounds
  19 orc priests
  27 orc wizards
  3 bullfrog skeletons
  2 centaur skeletons
  2 iguanas
  Natasha (thrice) (D:3 D:5)
  11 worker ants
  A hound skeleton (D:8)
  A worker ant zombie (D:4)
  9 gnolls
  A howler monkey skeleton (D:4)
  14 adders
  2 shadow imps
  2 adder zombies
  6 oozes
  An adder skeleton (D:4)
  5 worms
  6 leopard geckos
  94 orcs
  6 bats
  7 giant cockroaches
  9 hobgoblins
  8 jackals
  A quokka (D:8)
  4 frilled lizards
  5 goblins
  A jackal zombie (D:5)
  22 kobolds
  A leopard gecko zombie (D:8)
  A quokka zombie (D:5)
  A rat (D:3)
  A briar patch (Swamp:1)
  A fungus (Lair:4)
  8 plants
820 creatures vanquished.

Vanquished Creatures (collateral kills)
  2 black bears (Lair:6)
2 creatures vanquished.

Vanquished Creatures (others)
  A wizard (D:9)
  2 polar bears (Lair:6)
  2 ogres (Orc:2)
  3 briar patches (Swamp:1)
  76 fungi
  41 plants
  A withered plant (D:15)
126 creatures vanquished.

Grand Total: 948 creatures vanquished

Notes
Turn   | Place    | Note
-------+----------+-------------------------------------------
     0 | D:1      | ICC the Vine Stalker Fighter began the quest for the Orb.
     0 | D:1      | Reached XP level 1. HP: 11/11 MP: 2/2
   189 | D:1      | Reached XP level 2. HP: 16/16 MP: 3/3
   516 | D:2      | Reached XP level 3. HP: 13/19 MP: 3/5
   610 | D:2      | Reached skill level 1 in Spellcasting
   968 | D:2      | Found a hazy altar of Hepliaklqana.
  1298 | D:3      | Gained mutation: Your natural rate of healing is unusually
                  | fast. [Vine Stalker growth]
  1298 | D:3      | Reached XP level 4. HP: 23/24 MP: 6/6
  1308 | D:3      | Reached skill level 1 in Dodging
  1381 | D:3      | Noticed Sigmund
  1384 | D:3      | Gained mutation: You are frail. (-10% HP) [potion of
                  | mutation]
  1384 | D:3      | Gained mutation: You are covered in fur. (AC +1) [potion of
                  | mutation]
  1405 | D:3      | Killed Sigmund
  1405 | D:3      | Reached XP level 5. HP: 15/25 MP: 7/9
  1405 | D:3      | Reached XP level 6. HP: 17/28 MP: 7/10
  1420 | D:3      | Found a white marble altar of Elyvilon.
  1536 | D:3      | Noticed Natasha
  1554 | D:3      | Killed Natasha
  1696 | D:3      | Found a faded altar of an unknown god.
  1919 | D:4      | Reached XP level 7. HP: 31/33 MP: 11/11
  1955 | D:4      | Found a runed gate.
  1955 | D:4      | Found a runed gate.
  1955 | D:4      | Found a runed gate.
  1957 | D:4      | Noticed Zigma's ghost (novice DrMo)
  1982 | D:4      | Killed Zigma's ghost
  1982 | D:4      | Gained mutation: You have razor-sharp teeth. [Vine Stalker
                  | growth]
  1982 | D:4      | Reached XP level 8. HP: 31/37 MP: 8/14
  2075 | D:4      | Found a radiant altar of Vehumet.
  2684 | D:4      | Found a blossoming altar of Fedhas.
  2706 | D:4      | Noticed an oklob plant
  2804 | D:5      | Entered Level 5 of the Dungeon
  2804 | D:5      | Noticed Duvessa
  2804 | D:5      | Noticed Dowan
  2811 | D:5      | Killed Duvessa
  2815 | D:5      | Killed Dowan
  2902 | D:5      | Noticed Natasha
  2922 | D:5      | Killed Natasha
  3043 | D:5      | Reached XP level 9. HP: 41/41 MP: 16/16
  3324 | D:5      | Reached skill level 5 in Fighting
  3447 | D:5      | Reached skill level 5 in Shields
  3505 | D:5      | Noticed Natasha
  3511 | D:5      | Killed Natasha
  3891 | D:6      | Reached skill level 5 in Armour
  3933 | D:6      | Found an opulent altar of Gozag.
  4074 | D:6      | Reached skill level 5 in Spellcasting
  4265 | D:7      | Reached skill level 5 in Short Blades
  4285 | D:7      | Noticed Harold
  4307 | D:7      | Killed Harold
  4307 | D:7      | Reached skill level 5 in Dodging
  4333 | D:7      | Reached XP level 10. HP: 16/45 MP: 15/19
  4794 | D:7      | Found a staircase to the Ecumenical Temple.
  4800 | Temple   | Entered the Ecumenical Temple
  4960 | Temple   | Became a worshipper of Kikubaaqudgha
  5242 | D:8      | Found an iron altar of Okawaru.
  5245 | D:8      | Noticed a death yak
  5245 | D:8      | Noticed a death yak
  5277 | D:8      | Noticed a death yak
  5282 | D:8      | Killed a death yak
  5292 | D:8      | Killed a death yak
  5308 | D:8      | Killed a death yak
  5328 | D:8      | Noticed Erica
  5335 | D:8      | Killed Erica
  5335 | D:8      | Reached XP level 11. HP: 10/49 MP: 15/24
  5520 | D:8      | Reached * piety under Kikubaaqudgha
  5520 | D:8      | Identified Kikubaaqudgha's Papyrus of Evil (Kikubaaqudgha
                  | gifted it to you on level 8 of the Dungeon)
  5520 | D:8      | Received a gift from Kikubaaqudgha
  5542 | D:8      | Learned a level 2 spell: Corpse Rot
  5845 | D:8      | Found a staircase to the Lair.
  6399 | Lair:1   | Entered Level 1 of the Lair of Beasts
  6459 | Lair:1   | Reached skill level 1 in Necromancy
  6490 | Lair:1   | Noticed Urug
  6511 | Lair:1   | Killed Urug
  6736 | Lair:1   | Noticed a five-headed hydra
  6754 | Lair:1   | Killed a five-headed hydra
  6817 | Lair:1   | Reached skill level 10 in Short Blades
  7244 | Lair:2   | Found a radiant altar of Vehumet.
  7268 | Lair:2   | Noticed an oklob plant
  7386 | Lair:2   | Reached ** piety under Kikubaaqudgha
  7386 | Lair:2   | Reached skill level 1 in Throwing
  7403 | Lair:2   | Reached skill level 2 in Throwing
  7544 | Lair:2   | Reached skill level 3 in Throwing
  7667 | Lair:2   | Reached skill level 4 in Throwing
  7667 | Lair:2   | Gained mutation: You heal very quickly. [Vine Stalker
                  | growth]
  7667 | Lair:2   | Reached XP level 12. HP: 54/54 MP: 25/25
  7823 | Lair:2   | Reached skill level 5 in Throwing
  7841 | Lair:2   | Noticed a dire elephant
  7855 | Lair:2   | Killed a dire elephant
  8212 | Lair:2   | Reached skill level 6 in Throwing
  8718 | Lair:3   | Found a hole to the Spider Nest.
  8723 | Lair:3   | Reached skill level 7 in Throwing
  9074 | Lair:3   | Reached *** piety under Kikubaaqudgha
  9074 | Lair:3   | Identified Kikubaaqudgha's Papyrus of Dark Secrets
                  | (Kikubaaqudgha gifted it to you on level 3 of the Lair of
                  | Beasts)
  9074 | Lair:3   | Received a gift from Kikubaaqudgha
  9082 | Lair:3   | Learned a level 5 spell: Excruciating Wounds
  9170 | Lair:3   | Found a staircase to the Swamp.
  9787 | Lair:4   | Reached XP level 13. HP: 56/56 MP: 26/26
  9884 | Lair:4   | Reached skill level 8 in Throwing
 10645 | Lair:5   | Got a pair of dazzling gloves
 10656 | Lair:5   | Identified the +1 pair of gloves of the Game of Life
                  | {Dex+5} (You found it on level 5 of the Lair of Beasts)
 10934 | Lair:5   | Reached skill level 9 in Throwing
 11004 | Lair:5   | Noticed Rupert
 11039 | Lair:5   | Killed Rupert
 11066 | Lair:5   | Reached **** piety under Kikubaaqudgha
 11687 | Lair:6   | Entered Level 6 of the Lair of Beasts
 11806 | Lair:6   | Found a staircase to the Slime Pits.
 11838 | Lair:6   | Reached skill level 10 in Throwing
 12107 | Lair:6   | Reached XP level 14. HP: 61/61 MP: 27/27
 12228 | Lair:6   | Reached skill level 11 in Throwing
 12229 | Lair:6   | Reached ***** piety under Kikubaaqudgha
 13056 | Lair:6   | Reached skill level 12 in Throwing
 13155 | Lair:6   | Found a runed door.
 13321 | Lair:6   | Paralysed by a hornet for 1 turns
 13381 | Lair:6   | Paralysed by a hornet for 3 turns
 14129 | D:9      | Found a bloodstained altar of Trog.
 14494 | D:10     | Entered Level 10 of the Dungeon
 15022 | D:10     | Reached skill level 13 in Throwing
 15031 | D:10     | Got a bloodstained chain mail
 15032 | D:10     | Identified the +2 chain mail of the Queen {rElec Regen+
                  | Str-5 Slay+2} (You found it on level 10 of the Dungeon)
 15376 | D:11     | Reached ****** piety under Kikubaaqudgha
 15398 | D:11     | Found Uwekhoywn's Assorted Antiques.
 15435 | D:11     | Received a gift from Kikubaaqudgha
 15447 | D:11     | Learned a level 8 spell: Necromutation
 15702 | D:11     | Reached skill level 1 in Transmutations
 15804 | D:11     | Found a staircase to the Orcish Mines.
 16178 | D:11     | Learned a level 8 spell: Death's Door
 16180 | Orc:1    | Entered Level 1 of the Orcish Mines
 16437 | Orc:2    | Entered Level 2 of the Orcish Mines
 16746 | Orc:2    | Found a roughly hewn altar of Beogh.
 16877 | Orc:2    | Found a roughly hewn altar of Beogh.
 16945 | Orc:2    | Reached XP level 15. HP: 55/64 MP: 28/28
 17182 | Orc:2    | Found Kigetek's Magic Scroll Emporium.
 17195 | Orc:2    | Found Illuis's Gadget Shop.
 17198 | Orc:2    | Found Waihia Lopo's Magic Scroll Emporium.
 17207 | Orc:2    | Found a staircase to the Elven Halls.
 17210 | Orc:2    | Found Ujaorra's Magic Scroll Shoppe.
 17313 | Orc:2    | Reached skill level 5 in Necromancy
 17671 | Orc:1    | Reached skill level 5 in Transmutations
 17707 | Orc:1    | Found a roughly hewn altar of Beogh.
 17893 | D:12     | Reached skill level 14 in Throwing
 18242 | D:12     | Found a hide-covered altar of Uskayaw.
 18257 | D:12     | Identified the cursed +0 robe of Yclaesud {Str-2 Int+4}
                  | (You found it on level 12 of the Dungeon)
 18553 | D:13     | Found a gate to the Vaults.
 18553 | D:13     | Noticed Nessos
 18883 | D:13     | Killed Nessos
 18931 | D:13     | Noticed Erolcha
 18951 | D:13     | Killed Erolcha
 19401 | D:13     | Noticed Sonja
 19409 | D:13     | Killed Sonja
 19739 | D:14     | Found a runed door.
 19855 | D:14     | Found a roughly hewn altar of Beogh.
 19931 | D:14     | Reached XP level 16. HP: 54/68 MP: 29/29
 20210 | D:14     | Reached skill level 15 in Throwing
 20630 | Temple   | Fell from the grace of Kikubaaqudgha
 20630 | Temple   | Became a worshipper of the Wu Jian Council
 20916 | D:15     | Entered Level 15 of the Dungeon
 21072 | D:15     | Found the +3 giant club "Skullcrusher" {speed, Str+7}
 21238 | D:15     | Found Ybbukluz's Food Shoppe.
 21304 | D:15     | HP: 3/68 [orc warrior/glaive[an orc knight] (9)]
 21308 | D:15     | Reached * piety under Wu Jian
 21310 | D:15     | HP: 1/68 [skeletal warrior/dire flail (5)]
 21316 | D:15     | Found a staircase to the Depths.
 21471 | D:15     | Found Kusmu's Jewellery Boutique.
 21474 | D:15     | Bought a cursed ring of attention for 72 gold pieces
 21474 | D:15     | Bought a cursed ring of teleportation for 72 gold pieces
 21478 | D:15     | Bought a cursed ring of wizardry for 432 gold pieces
 21487 | D:15     | Found Vefauf's General Store.
 21581 | D:15     | Found a sacrificial altar of Ru.
 21587 | D:15     | Found Qemiddu's General Store.
 21703 | D:15     | Found Aro Bom's Armour Emporium.
 21710 | D:15     | Bought the +2 pair of boots of Death Resistance {rN+
                  | Stlth+} for 427 gold pieces
 21878 | D:15     | Learned a level 8 spell: Infestation
 21958 | D:15     | Bought a +0 chain mail of poison resistance for 110 gold
                  | pieces
 22195 | Swamp:1  | Entered Level 1 of the Swamp
 22195 | Swamp:1  | Noticed a thorn hunter
 22221 | Swamp:1  | Killed from afar by a thorn hunter

Vault maps used:
D:1:      dpeg_arrival_chase
D:2:      marbit_many_paths
D:3:      lemuel_crystal_altar, chequers_ecumenical_altar_grove, uniq_natasha,
          uniq_sigmund
D:4:      tgw_fedhas, gammafunk_ghost_necromancy, minmay_misc_feat_tower,
          nrook_loot_triangle, vehumet_altar_wand_db
D:5:      first_ration, uniq_duvessa
D:6:      grunt_gozag_breadcrumbs
D:7:      minmay_temple_entry_enclosed_plants, uniq_harold
D:8:      dpeg_lair_monsters, basic_altar, hangedman_little_slice_of_home,
          uniq_erica
D:9:      trog_wizard
D:11:     orc_0_dummy, serial_shops, shop
D:12:     basic_altar
D:13:     david_vaults_3, uniq_erolcha, uniq_sonja
D:14:     corexii_checkpoint_a, lightli_church_of_beogh
D:15:     gammafunk_depths_entry_grave, serial_shops, shop, shop_coins,
          shop_statue, shop_statue, shop, hangedman_ru_absence, grunt_decor_cap,
          minmay_guarded_unrand_skullcrusher
Temple:   dpeg_five_rooms_temple
Lair:1:   grunt_forest_large_clearing_hut, serial_bayou_shore_b, uniq_urug
Lair:2:   mu_elephants_graveyard, basic_altar, beast_lair_carwin_4
Lair:3:   minmay_swamp_entry_worms, spider_nest_entry_funnel_web
Lair:4:   serial_forest, infiniplex_forest_clump_C,
          infiniplex_forest_clump_medium, infiniplex_forest_pool,
          infiniplex_forest_corner_1, infiniplex_forest_lined_room_2,
          infiniplex_forest_lined_room_, infiniplex_forest_end_1,
          infiniplex_forest_lined_4_way
Lair:5:   serial_bayou_shore_a, grunt_megastairs_1, lemuel_fruit_tree,
          infiniplex_staircase_pool_2, minmay_lair_oklob_chamber, uniq_rupert
Lair:6:   hangedman_lair_caniforms_friends, wormcave, slime_dummy,
          serial_bayou_pond_b
Swamp:1:  cheibrodos_swamp_monstrosity, evilmike_swamp_ruin_rubble_1,
          swamp_pool1
Orc:1:    mines2_david
Orc:2:    st_orc_open, basic_altar, mines1_david

Skill      XL: |  1  2  3  4  5  6  7  8  9 10 11 12 13 14 15 16 |
---------------+-------------------------------------------------+-----
Short Blades   | 2 3 4 5 8 11 12 14 | 14.0
Fighting       | 3 4 5 |  5.0
Spellcasting   | 1 2 3 4 5 8 9 |  9.6
Shields        | 3 4 5 |  5.0
Dodging        | 1 2 3 5 6 |  6.0
Armour         | 3 4 5 |  5.0
Necromancy     | 2 3 6 7 |  7.5
Throwing       | 4 7 10 13 14 15 | 15.3
Transmutations | 3 6 7 |  7.5

Action                   |  1- 3 |  4- 6 |  7- 9 | 10-12 | 13-15 | 16-18 || total
-------------------------+-------+-------+-------+-------+-------+-------++-------
Melee: Dagger            |    70 |   113 |   306 |   626 |  1603 |   569 ||  3287
       Bite              |    16 |    35 |   121 |   341 |   783 |   265 ||  1561
       Rapier            |       |    13 |       |       |       |       ||    13
 Fire: Blowgun           |       |       |       |    99 |    45 |       ||   144
Throw: Javelin           |       |     1 |     6 |    59 |   186 |     7 ||   259
       Tomahawk          |       |       |     3 |       |       |       ||     3
Invok: Receive Necronomi |       |       |       |       |     1 |       ||     1
       Whirlwind         |       |       |       |       |       |    61 ||    61
       Lunge             |       |       |       |       |       |    16 ||    16
Evoke: Wand              |       |       |     2 |    19 |    98 |       ||   119
       Lamp of fire      |       |       |       |       |     4 |       ||     4
  Use: Potion            |       |     4 |     3 |     7 |     3 |     1 ||    18
       Scroll            |       |       |       |    17 |    11 |     4 ||    32
 Stab: Distracted        |       |       |       |       |     2 |       ||     2
       Paralysed         |       |       |       |       |     5 |       ||     5
  Eat: Chunk             |     1 |     2 |     8 |    17 |    35 |     5 ||    68
       Ration            |       |       |       |       |       |     1 ||     1
Armor: Scale mail        |    27 |    42 |    57 |    67 |    18 |       ||   211
       Chain mail        |       |       |    17 |    61 |   371 |   128 ||   577
Dodge: Dodged            |    28 |    32 |    55 |   109 |   298 |   109 ||   631
Block: Shield            |    22 |    60 |    97 |   160 |   538 |   158 ||  1035

Table legend:
 A = Non-vault XP
 B = Vault XP
 C = Vault XP percentage of total XP
 D = Non-vault monster count
 E = Vault monster count
 F = Vault count percentage of total count
                 A         B        C        D         E       F
            +---------+---------+-------+---------+---------+-------
      Total |   76788 |   77156 |  50.1 |     550 |     260 |  32.1
            +---------+---------+-------+---------+---------+-------
        D:1 |      15 |       0 |   0.0 |       6 |       0 |   0.0
        D:2 |      52 |       2 |   3.7 |      14 |       1 |   6.7
        D:3 |     193 |     255 |  56.9 |      33 |       2 |   5.7
        D:4 |     747 |     557 |  42.7 |      28 |       5 |  15.2
        D:5 |     977 |     225 |  18.7 |      31 |       2 |   6.1
        D:6 |     438 |       0 |   0.0 |      18 |       0 |   0.0
        D:7 |     827 |     955 |  53.6 |      18 |       1 |   5.3
        D:8 |     922 |    4495 |  83.0 |      28 |      16 |  36.4
        D:9 |     387 |       0 |   0.0 |       7 |       0 |   0.0
       D:10 |    2202 |       0 |   0.0 |      24 |       0 |   0.0
       D:11 |    4599 |       0 |   0.0 |      38 |       0 |   0.0
       D:12 |    4030 |    5881 |  59.3 |      30 |      38 |  55.9
       D:13 |    9826 |    5065 |  34.0 |      45 |      11 |  19.6
       D:14 |   13276 |    2094 |  13.6 |      49 |      13 |  21.0
       D:15 |    5754 |    8546 |  59.8 |      15 |      24 |  61.5
     Lair:1 |    1930 |    1387 |  41.8 |       7 |       4 |  36.4
     Lair:2 |    3171 |   10374 |  76.6 |      13 |      23 |  63.9
     Lair:3 |    2280 |    1727 |  43.1 |      10 |       5 |  33.3
     Lair:4 |    3438 |       0 |   0.0 |       9 |       0 |   0.0
     Lair:5 |    9230 |    3578 |  27.9 |      35 |       4 |  10.3
     Lair:6 |    7621 |   16905 |  68.9 |      26 |      73 |  73.7
    Swamp:1 |     162 |       0 |   0.0 |       1 |       0 |   0.0
      Orc:1 |    1861 |     139 |   6.9 |      24 |       4 |  14.3
      Orc:2 |    2850 |   14971 |  84.0 |      41 |      34 |  45.3
            +---------+---------+-------+---------+---------+-------
